 Dungeon Crawl Stone Soup version 0.25.0-46-gbd7b085 (webtiles) character file.

Game seed: 17472104008256004175

140 Balder the Poker (level 5, 0/40 HPs)
             Began as a Merfolk Gladiator on July 13, 2020.
             Slain by Sigmund
             ... wielding a +0 scythe
              (2 damage)
             ... on level 2 of the Dungeon.
             The game lasted 00:05:35 (1112 turns).

Balder the Poker (Merfolk Gladiator)                Turns: 1112, Time: 00:05:36

Health: 0/40       AC:  7    Str: 15    XL:     5   Next: 23%
Magic:  0/5        EV:  7    Int:  7    God:
Gold:   66         SH: 13    Dex: 16    Spells: 4/4 levels left

rFire    . . .     SeeInvis .   a - +0 trident
rCold    . . .     Gourm    .   n - +2 tower shield
rNeg     . . .     Faith    .   e - +0 scale mail
rPois    .         Spirit   +   c - +0 helmet
rElec    .         Reflect  .   (no cloak)
rCorr    .         Harm     .   (no gloves)
MR       .....                  (no boots)
Stlth    +.........             h - amulet of guardian spirit
HPRegen  0.13/turn              (no ring)
MPRegen  0.09/turn              (no ring)

@: hasted, very quick
A: change form in water, swift swim, stealthy swim
a: no special abilities


You were on level 2 of the Dungeon.
You were not hungry.

You visited 1 branch of the dungeon, and saw 2 of its levels.

You collected 66 gold pieces.

Inventory:

Hand Weapons
 a - a +0 trident (weapon)
Armour
 c - a +0 helmet (worn)
 e - a +0 scale mail (worn)
 n - a +2 tower shield (worn)
 r - a +0 pair of gloves
Jewellery
 h - an amulet of guardian spirit (around neck)
 k - an uncursed ring of fire
Scrolls
 g - 2 scrolls of identify
 j - a scroll of blinking {unknown}
 m - 2 scrolls of fear {unknown}
 o - a scroll of fog {unknown}
 p - a scroll of remove curse {unknown}
Potions
 d - a potion of berserk rage {unknown}
 l - a potion of curing {unknown}
Comestibles
 b - a chunk of flesh
 f - 3 rations


   Skills:
 * Level 2.8 Fighting
 * Level 6.0 Polearms
 * Level 2.3 Throwing
 + Level 0.2 Armour
 * Level 4.8 Dodging
 * Level 2.0 Stealth
 * Level 1.0 Shields


You had 4 spell levels left.
You didn't know any spells.
Your spell library was empty.

Dungeon Overview and Level Annotations

Branches:
Dungeon (2/15)

Altars:
Dithmenos

Annotations:
D:2 Robin, Sigmund


Message History

Sigmund points at you and mumbles some strange words.
You block the puff of flame.
You feel yourself speed up. The goblin hits you with a +0 dagger.
* * * LOW HITPOINT WARNING * * *
Sigmund gestures at you while chanting. The magic dart hits you.
* * * LOW HITPOINT WARNING * * *
You hit Sigmund.
Sigmund is severely wounded.
The goblin hits you with a +0 dagger.
* * * LOW HITPOINT WARNING * * *
Sigmund hits you with a +0 scythe.
* * * LOW HITPOINT WARNING * * *
You hit the goblin.
You kill the goblin!
You block Robin's attack.
The goblin no longer looks unusually strong.
Robin throws the goblin at you! The goblin hits you but does no damage.
Sigmund hits you from afar with a +0 scythe.
You die...

...#...#### #.##
..........##...##
...#...##.#.#.#.###
#.##....#..........
#. #.#..###.#.#.## #
#.#..# ##...# #.#..#
##.##
#.#..#####g########.#
#.#....(gg.@)@g(....#
#gg......ggg#########
......######## ####.
#


You could see Sigmund, Robin, a hobgoblin (strong) and 5 goblins.

Vanquished Creatures
  A phantom (D:2)
  2 adders (D:2)
  An ooze (D:1)
  2 dart slugs (D:1)
  A leopard gecko (D:2)
  A giant cockroach (D:1)
  8 goblins
  A hobgoblin (D:2)
  2 bats (D:1)
  4 frilled lizards
  2 kobolds
  3 rats (D:1)
28 creatures vanquished.

Notes
Turn   | Place    | Note
-------+----------+-------------------------------------------
     0 | D:1      | Balder the Merfolk Gladiator began the quest for the Orb.
     0 | D:1      | Reached XP level 1. HP: 16/16 MP: 1/1
   211 | D:1      | Reached XP level 2. HP: 22/22 MP: 2/2
   377 | D:1      | Reached skill level 1 in Stealth
   732 | D:2      | Noticed a phantom
   769 | D:2      | Killed a phantom
   769 | D:2      | Reached skill level 5 in Polearms
   769 | D:2      | Reached XP level 3. HP: 10/28 MP: 1/3
   769 | D:2      | Reached XP level 4. HP: 13/34 MP: 1/4
   790 | D:2      | Reached XP level 5. HP: 17/40 MP: 2/5
   902 | D:2      | Reached skill level 1 in Shields
   963 | D:2      | Found a shadowy altar of Dithmenos.
  1031 | D:2      | Reached skill level 6 in Polearms
  1082 | D:2      | Noticed Robin
  1084 | D:2      | Noticed Sigmund
  1110 | D:2      | HP: 2/40 [Sigmund/+0 scythe (3)]
  1112 | D:2      | Slain by Sigmund

Illustrated notes

Levels and vault maps discovered:
D:1:      psy_arrival_dodecagon, layout_rooms
D:2:      layout_loops_ring, grunt_dithmenos_smoke_and_mirrors, uniq_robin,
          uniq_sigmund

Skill      XL: |  1  2  3  4  5 |
---------------+----------------+-----
Stealth        | 1 2 |  2.0
Polearms       | 5 6 |  6.0
Shields        | 1 |  1.0
Fighting       | |  2.8
Throwing       | |  2.3
Armour         | |  0.2
Dodging        | |  4.8

Action                   |  1- 3 |  4- 6 || total
-------------------------+-------+-------++-------
Melee: Trident           |    58 |    56 ||   114
Throw: Throwing net      |     3 |     3 ||     6
  Use: Scroll            |     3 |       ||     3
       Potion            |     1 |     1 ||     2
  Eat: Chunk             |       |     1 ||     1
Armor: Scale mail        |    20 |    17 ||    37
Dodge: Dodged            |    28 |    16 ||    44
Block: Tower shield      |     9 |    47 ||    56
